 Dungeon Crawl Stone Soup version 0.30-a0-721-ga6a225cb13 (webtiles) character file.

Game seed: 12578348069250961721

9 funkygono the Conjurer (level 2, 0/4 (17) HPs)
             Began as a Gargoyle Reaver on Jan 27, 2023.
             Frozen to death by an endoplasm (3 damage)
             ... on level 1 of the Dungeon.
             The game lasted 00:00:28 (193 turns).

funkygono the Conjurer (Gargoyle Reaver)             Turns: 193, Time: 00:00:28

HP:   0/4 (17)      AC:  5    Str: 15    XL:     2   Next: 12%
MP:   5/5           EV: 11    Int: 13    God:
Gold: 17            SH:  0    Dex:  8    Spells: 2/5 levels left

rFire   . . .      SeeInvis .    a - +0 mace
rCold   . . .      Faith    .    (no shield)
rNeg    + . .      Spirit   .    b - +0 leather armour
rPois   ∞          Reflect  .    (no helmet)
rElec   +          Harm     .    (no cloak)
rCorr   .          Rampage  .    (no gloves)
Will    .....                    (no boots)
Stlth   +                        (no amulet)
HPRegen 0.20/turn                (no ring)
MPRegen 0.09/turn                (no ring)

@: extremely drained
A: sickness immunity, AC +2, negative energy resistance 1, electricity
resistance, torment resistance 1, petrification resistance
a: no special abilities


You were on level 1 of the Dungeon.
You visited 1 branch of the dungeon, and saw 1 of its levels.

You collected 17 gold pieces.

Inventory:

Hand Weapons
 a - a +0 mace (weapon)
Armour
 b - a +0 leather armour (worn)
Scrolls
 d - a scroll of vulnerability {unknown}
Potions
 c - 4 potions of curing {unknown}
 e - a potion of haste {unknown}


   Skills:
 + Level 2.2 Fighting
 + Level 3.3 Maces & Flails
 + Level 1.6 Dodging
 + Level 2.0 Spellcasting
 + Level 3.3 Conjurations


You had 2 spell levels left.
You knew the following spells:

 Your Spells              Type           Power      Damage    Failure   Level
a - Kiss of Death         Conj/Necr      20%        2d7       16%         1
b - Momentum Strike       Conj/Tloc      10%        3d8       24%         2

Your spell library contained the following spells:

 Spells                   Type           Power      Damage    Failure   Level
 Hailstorm                Conj/Ice       5%         3d4       43%         3


Dungeon Overview and Level Annotations

Branches:
Dungeon (1/15)

Altars:


Innate Abilities, Weirdness & Mutations

You are immune to sickness and miasma.
Your stone body is resilient. (AC +2)
You are immune to poison.
You resist negative energy. (rN+)
You are resistant to electric shocks. (rElec)
You are resistant to unholy torment.
You are immune to petrification.


Message History

Found 5 stones.
Found a ring mail.
You see here a +0 ring mail.
e - a sedimented red potion
Things that are here:
a +0 dagger; a kobold corpse; a ball python corpse A goblin comes into view.
It is wielding a +1 antimagic dagger.
The goblin shouts!
A rat comes into view.
A frilled lizard comes into view.
The frilled lizard hisses angrily.
An endoplasm comes into view. x2
Casting: Kiss of Death (safe; 16% risk of failure)
Confirm with . or Enter, or press ? or * to list all spells.
Aiming: Kiss of Death (safe; 16% risk of failure)
Press: ? - help, Shift-Dir - straight line, f - goblin
Aim: a goblin, wielding a +1 antimagic dagger (100% to hit)
The negative energy hits the goblin!
The goblin is drained!
You kill the goblin!
You feel drained.
The endoplasm quivers.
A dart slug comes into view.
Unknown command.
Things that are here:
a +0 dagger; a kobold corpse; a ball python corpse The rat barely misses you.
Things that are here:
a +0 dagger; a kobold corpse; a ball python corpse You closely miss the rat.
The rat barely misses you.
You closely miss the rat. The rat closely misses you.
The rat twitches its whiskers.
The rat bites you but does no damage.
You barely miss the rat. The rat bites you.
You hit the rat.
You kill the rat!
You barely miss the endoplasm. The endoplasm freezes you.
You are frozen.
Ouch! That really hurt!
You die...

###.#.................####.#
#.....#...............####.#
#.....†...............#..#.#
#....##.....##........####.#
###..##.....####......####.#
#..........####.#......#.#
#..###....................#
#.####>....J######.......##
#.........wlJ@...........#
.....(...#######''#######
...#.....# ###§≈..≈≈###
#.###..#..###≈≈§≈..§§≈≈##
#..$...rl.##≈§§#≈..≈#≈§§#
#.....)...##≈≈≈≈≈..≈≈≈§≈#
#....JJ...#≈≈≈§§≈..≈≈≈≈≈≈#
..........#≈≈≈≈≈#..#§§§§§#
.........##§≈#≈≈#..#≈≈#§≈#


You could see a dart slug, 2 endoplasms and a frilled lizard.

Vanquished Creatures
  2 ball pythons (D:1)
  An endoplasm (D:1)
  A goblin (D:1)
  2 bats (D:1)
  A frilled lizard (D:1)
  A kobold (D:1)
  A rat (D:1)
9 creatures vanquished.

Notes
Turn   | Place    | Note
-------+----------+-------------------------------------------
     0 | D:1      | funkygono the Gargoyle Reaver began the quest for the Orb.
     0 | D:1      | Reached XP level 1. HP: 12/12 MP: 3/3
    79 | D:1      | Reached XP level 2. HP: 7/7 MP: 1/5
    82 | D:1      | Learned a level 2 spell: Momentum Strike
   193 | D:1      | Frozen to death by an endoplasm

Illustrated notes

Levels and vault maps discovered:
D:1:      lightli_molten_gateway, layout_rooms, serial_shops,
          nicolae_shop_stone, serial_aquarium, aquarium_bridge_island_small
          [aquarium_subvault_small_water, aquarium_subvault_window,
          aquarium_subvault_wall, aquarium_subvault_bridge,
          aquarium_subvault_bridge], aquarium_bridge_square
          [aquarium_subvault_window, aquarium_subvault_balcony,
          aquarium_subvault_bridge, aquarium_subvault_bridge],
          aquarium_window_fake, aquarium_window_1, aquarium_window_corridor_2,
          aquarium_view_2b, aquarium_view_2d, minmay_gold_behind_fungi,
          minmay_indecisive_spiral

Action                     || total
---------------------------++-------
  Melee: Mace              ||    19
   Cast: Kiss of Death     ||     5
 Armour: Leather armour    ||     8
  Dodge: Dodged            ||    14

Table legend: (Time is in decaauts)
 A = Elapsed time spent in this place.
 B = Non-inter-level travel time spent in this place.
 C = Inter-level travel time spent in this place.
 D = Time resting spent in this place.
 E = Time spent auto-exploring this place.
 F = Levels seen in this place.
 G = Mean time per level.
                   A        B        C        D        E       F      G
               +--------+--------+--------+--------+--------+-----+--------+
         Total |    197 |    197 |      0 |      0 |    129 |   1 |  197.0 |
       Dungeon |    197 |    197 |      0 |      0 |    129 |   1 |  197.0 |
               +--------+--------+--------+--------+--------+-----+--------+

Top non-repeatable levels by time:
     D:1: 197 daAuts
